cohdb
Replays
Latest Replays
All Replays
Popular Replays
Top Player Replays
Match Explorer
How It Works
Community
CoH3 Stats
Reddit
Sign in to upload your games and track your stats! →
Sign in with Steam
Match 19939227
Unlisted
Match 19939227
Overview
Messages
Build Orders
End
Vickers Machine Gun Team
Construct Section Command Post
Infantry Section
Infantry Section
Grenade Package
Dingo Light Scout Car
Selects Indian Artillery Battlegroup
Selects Valour
Construct Platoon Command Post
6-pounder Anti-tank Gun Team
Unlock M3 Stuart Light Tanks
Selects Gurkha Rifles Section
M3 Stuart Light Tank
Gurkha Rifles Section
Infantry Training
Selects Pillage
Construct Company Command Post
Crusader II Medium Tank
Foot Guards Section
Selects Artillery Saturation
Selects Off-map Airburst Barrage
Selects Perimeter Monitor
Unlock M3 Grant Medium Tanks
M3 Grant Medium Tank
Off-map Airburst Barrage
Tok3n x Operator
MonoChrome
Magnum Avocado
mars yolo
0
0
Comments
sign in to comment!
No comments posted yet!